 Dungeon Crawl Stone Soup version 0.17.0-56-gd8de76c (webtiles) character file.

150 gorblad the Poker (level 5, 0/33 HPs)
             Began as a Demonspawn Chaos Knight on Dec 6, 2015.
             Succumbed to Sigmund's poison
             ... on level 3 of the Dungeon.
             The game lasted 00:06:50 (2773 turns).

gorblad the Poker (Demonspawn Chaos Knight)         Turns: 2773, Time: 00:06:51

Health: 0/33       AC:  9    Str: 13    XL:     5   Next: 10%
Magic:  5/5        EV:  3    Int: 13    God:    Xom [...*..]
Gold:   110        SH:  0    Dex: 11    Spells: 0 memorised, 4 levels left

rFire  . . .     SeeInvis .     a - +0 spear (chaos)
rCold  . . .     Clarity  .     e - +0 plate armour
rNeg   . . .     SustAt   .     (no shield)
rPois  .         Gourm    .     g - +0 helmet
rElec  .         Spirit   .     (no cloak)
rCorr  .         Warding  .     (no gloves)
rMut   .         Stasis   .     (no boots)
MR     .....                    (no amulet)
Stlth  ..........               (no ring)
                                (no ring)

@: lethally poisoned (0 -> -15), about to teleport, not resistant to hostile
enchantments, extremely unstealthy
A: claws 1, thin metallic scales 1, clumsy 1, deformed body, frail 2, foul
stench 1, rot immunity
a: Renounce Religion


You were on level 3 of the Dungeon.
You worshipped Xom.
You were a favourite toy of Xom.
You were hungry.

You visited 1 branch of the dungeon, and saw 3 of its levels.

You collected 110 gold pieces.

Inventory:

Hand Weapons
 a - a +0 spear of chaos (weapon)
 j - a cursed -2 spear
Armour
 b - a +2 leather armour
 e - a +0 plate armour (worn)
 g - a +0 helmet (worn)
Jewellery
 p - an uncursed amulet of faith {unknown}
Wands
 o - a wand of random effects (27)
Scrolls
 f - 2 scrolls of remove curse
 i - 2 scrolls of fog
 m - 2 scrolls of identify
 n - a scroll of magic mapping
Potions
 d - 3 potions of brilliance
 k - a potion of cancellation {unknown}
Comestibles
 c - 3 bread rations
 l - 6 chunks of flesh


   Skills:
 + Level 3.7 Fighting
 + Level 3.9 Polearms
 + Level 3.1 Armour
 + Level 0.8 Dodging
 + Level 0.4 Stealth


You had 4 spell levels left.
You didn't know any spells.

Dungeon Overview and Level Annotations

Branches:
Dungeon (3/15)

Altars:

Annotations:
D:3 Sigmund


Innate Abilities, Weirdness & Mutations

You have sharp fingernails.
You are partially covered in thin metallic scales (AC +2).
You may emit foul miasma when damaged in melee.
You are immune to rotting.
You are clumsy. (Dex -2)
Armour fits poorly on your strangely shaped body.
You are very frail (-20% HP).


Message History

You are too injured to fight recklessly!
You are too injured to fight recklessly!
You are too injured to fight recklessly!
You are too injured to fight recklessly!
You are too injured to fight recklessly!
Drink which item? (? for menu, Esc to quit)
Okay, then.
Read which item? (? for menu, Esc to quit)
As you read the scroll labeled PESUODEOSE, it crumbles to dust.
The scroll dissolves into smoke.
It was a scroll of fog.
* * * LOW HITPOINT WARNING * * *
You feel sick.
Sigmund hits you from afar with a scythe of venom.
* * * LOW HITPOINT WARNING * * *
The crimson imp barely misses you.
Read which item? (? for menu, Esc to quit)
As you read the scroll of teleportation, it crumbles to dust.
You feel strangely unstable.
You die...
Xom cackles wildly!

#§# #...# ? #.# #...# ...
#.# #)g.# .(...#[## #####
........# # ./..##..##.# .
#§@.#.# #########5#...#
#.......#@§§#####
#...)...#§§.....# ###
#.......#.#####.########..
#.........#####...........
#.......[.................
#.......################..
#.......# ### #########


You could see Sigmund and a crimson imp.

Vanquished Creatures
  Robin (D:2)
  3 gnolls (D:2)
  4 adders
  An ooze (D:2)
  2 giant geckos
  An orc (D:3)
  9 bats
  2 giant cockroaches
  9 hobgoblins
  2 jackals (D:1)
  7 kobolds
  A ball python (D:2)
  5 giant newts
  18 goblins
  9 rats
74 creatures vanquished.

Notes
Turn   | Place    | Note
--------------------------------------------------------------
     0 | D:1      | gorblad the Demonspawn Chaos Knight began the quest for the Orb.
     0 | D:1      | Reached XP level 1. HP: 18/18 MP: 1/1
    57 | D:1      | XOM: potion effect (curing)
   223 | D:1      | Gained mutation: You are partially covered in thin metallic scales (AC +2). [demonic ancestry]
   223 | D:1      | Reached XP level 2. HP: 16/24 MP: 2/2
   224 | D:1      | XOM: silly message
   297 | D:1      | XOM: cast spell 'Summon Butterflies'
   736 | D:2      | XOM: cast spell 'Confusing Touch'
   740 | D:2      | Gained mutation: You are immune to rotting. [demonic ancestry]
   740 | D:2      | Reached XP level 3. HP: 29/29 MP: 3/3
   767 | D:2      | XOM: harmless Air miscast
  1036 | D:2      | XOM: colour smoke trail
  1085 | D:2      | XOM: give mutations
  1085 | D:2      | Gained mutation: You are frail (-10% HP). [Xom's mischief]
  1085 | D:2      | Gained mutation: Armour fits poorly on your strangely shaped body. [Xom's mischief]
  1085 | D:2      | Gained mutation: You are very frail (-20% HP). [Xom's mischief]
  1085 | D:2      | Gained mutation: You are clumsy. (Dex -2) [Xom's mischief]
  1093 | D:2      | XOM: 4-stop teleportation journey
  1158 | D:2      | Found a faded altar to an unknown god.
  1369 | D:2      | Gained mutation: You may emit foul miasma when damaged in melee. [demonic ancestry]
  1369 | D:2      | Reached XP level 4. HP: 28/28 MP: 4/4
  1559 | D:2      | XOM: colour smoke trail
  1622 | D:2      | XOM: harmless Fire miscast
  1735 | D:2      | XOM: colour smoke trail
  1842 | D:2      | XOM: divination: detect creatures
  1920 | D:3      | Noticed Robin
  2084 | D:2      | Killed Robin
  2498 | D:3      | XOM: 8-stop teleportation journey
  2516 | D:3      | Gained mutation: You have sharp fingernails. [demonic ancestry]
  2516 | D:3      | Reached XP level 5. HP: 26/33 MP: 5/5
  2653 | D:3      | XOM: harmless Tloc miscast
  2681 | D:3      | XOM: vitrification
  2743 | D:3      | XOM: summons 2 hostile demons
  2763 | D:3      | Noticed Sigmund
  2772 | D:3      | HP: 1/33 [Sigmund/scythe of venom (6)]
  2773 | D:3      | Succumbed to Sigmund's poison

Action                   |  1- 3 |  4- 6 || total
-------------------------+-------+-------++-------
Melee: Spear             |   200 |   137 ||   337
  Use: Potion            |     1 |     3 ||     4
       Scroll            |     4 |     4 ||     8
 Stab: Paralysed         |     1 |       ||     1
       Petrified         |       |     1 ||     1
  Eat: Chunk             |     2 |     4 ||     6
